 Dungeon Crawl Stone Soup version 0.29-a0-11-ga75d3d97ab (webtiles) character file.

Game seed: 9925359548230188885

4088 HallandMoats the Fighter (level 10, -2/91 HPs)
             Began as a Ghoul Monk on Jan 28, 2022.
             Was a High Priest of Okawaru.
             Slain by a basilisk (11 damage)
             ... on level 8 of the Dungeon.
             The game lasted 00:08:27 (6656 turns).

HallandMoats the Fighter (Ghoul Monk)               Turns: 6656, Time: 00:08:28

Health: -2/91      AC:  3    Str: 26    XL:     10   Next: 26%
Magic:  22/22      EV: 12    Int:  5    God:    Okawaru [*****.]
Gold:   347        SH:  4    Dex: 11    Spells: 9/9 levels left

rFire   + + +      SeeInvis .   b - +10 trident of Vixotz {freeze, *Rage rF++ MP+9 Str+6}
rCold   + + .      Faith    .   y - +0 buckler
rNeg    + + +      Spirit   .   f - +0 ring mail
rPois   ∞          Reflect  .   c - +2 hat
rElec   .          Harm     .   k - +0 cloak
rCorr   .          Rampage  .   (no gloves)
Will    .....                   w - +1 pair of boots
Stlth   +.........              (no amulet)
HPRegen 0.00/turn               l - ring "Cuicoal" {rF++ rC+}
MPRegen 0.18/turn               (no ring)

@: weak-willed, corroded, inhibited regen
A: claws 1, cold resistance 1, negative energy resistance 3, inhibited
regeneration, torment resistance 2
a: Renounce Religion, Heroism, Finesse, Duel


You were on level 8 of the Dungeon.
You worshipped Okawaru.
Okawaru was extremely pleased with you.
You visited 2 branches of the dungeon, and saw 9 of its levels.

You collected 347 gold pieces.

Inventory:

Hand Weapons
 b - the +10 trident of Vixotz (weapon) {freeze, *Rage rF++ MP+9 Str+6}
   (You found it on level 3 of the Dungeon)

   It freezes those it strikes, dealing additional cold damage.
   It can also slow down cold-blooded creatures.
   Str:       It affects your strength (+6).
   rF:        It greatly protects you from fire.
   MP:        It affects your magic capacity (+9).
   *Rage:     It berserks you when you make melee attacks (+20% chance).
 p - the +9 mace of Due Proportion {drain, rElec rC+ Dex+2}
   (You found it on level 4 of the Dungeon)

   A truly terrible weapon, it drains the life of any living foe it strikes.
   Dex:       It affects your dexterity (+2).
   rC:        It protects you from cold.
   rElec:     It insulates you from electricity.
Armour
 c - a +2 hat (worn)
 f - a +0 ring mail (worn)
 k - a +0 cloak (worn)
 w - a +1 pair of boots (worn)
 y - a +0 buckler (worn)
Jewellery
 l - the ring "Cuicoal" (left claw) {rF++ rC+}
   (You found it on level 3 of the Dungeon)

   [ring of protection from cold]

   rF:        It greatly protects you from fire.
   rC:        It protects you from cold.
Wands
 u - a wand of polymorph (15)
 v - a wand of acid (6)
 A - a wand of iceblast (6)
Scrolls
 d - 3 scrolls of vulnerability
 e - a scroll of amnesia
 i - 3 scrolls of identify {unknown}
 n - a scroll of brand weapon {unknown}
 r - a scroll of fog {unknown}
 t - 3 scrolls of teleportation {unknown}
 x - 4 scrolls of enchant armour {unknown}
 z - 4 scrolls of noise {unknown}
Potions
 a - a potion of lignification {unknown}
 g - 3 potions of flight {unknown}
 h - a potion of cancellation {unknown}
 j - 2 potions of curing
 m - 4 potions of heal wounds {unknown}
 o - 3 potions of berserk rage {unknown}
 q - 2 potions of brilliance {unknown}
 s - 2 potions of ambrosia {unknown}


   Skills:
 * Level 9.0 Fighting
 + Level 4.8 Armour
 + Level 5.6 Dodging
 - Level 2.1 Stealth
 * Level 2.4 Shields
 * Level 9.0 Unarmed Combat
 + Level 5.6 Invocations


You had 9 spell levels left.
You didn't know any spells.
Your spell library contained the following spells:

 Spells                   Type           Power      Damage    Failure   Level
 Ensorcelled Hibernation  Hex/Ice        0%         N/A       83%         2
 Anguish                  Hex/Necr       0%         N/A       100%        4
 Spider Form              Tmut/Pois      Unusable   N/A       N/A         3

Dungeon Overview and Level Annotations

Branches:
Dungeon (8/15)             Temple (1/1) D:4
   Lair: D:8-11

Altars:
Ashenzari
Cheibriados
Dithmenos
Elyvilon
Fedhas
Gozag
Hepliaklqana
Kikubaaqudgha
Makhleb
Nemelex Xobeh
Okawaru
Qazlal
Ru
Sif Muna
Trog
Wu Jian
Xom
Yredelemnul
The Shining One
Beogh

Annotations:
D:4 3 runed translucent doors, AuraOfTheDawn's ghost, novice MiFi; Bediveer's ghost, amateur KoEn; testman's ghost, amateur TrBe
D:6 1 runed translucent door


Innate Abilities, Weirdness & Mutations

You thrive by killing the living.
You are immune to poison.
You have sharp fingernails.
Your flesh is cold resistant. (rC+)
You are immune to negative energy. (rN+++)
You do not regenerate when monsters are visible.
You are immune to unholy pain and torment.


Message History

The basilisk bites you! The acid dragon bites you. The acid dragon claws you.
The basilisk is no longer moving slowly.
The acid dragon bites you.
The acid dragon claws you but does no damage.
The basilisk bites you. The acid dragon spits acid at you.
The splash of acid hits you!! The acid corrodes you! The basilisk bites you!
You hear an angry hiss.
The acid dragon bites you! The acid dragon barely misses you.
The basilisk gazes at you. You resist with some effort. The basilisk bites you!
The acid dragon bites you! The acid dragon completely misses you.
The basilisk barely misses you. The basilisk barely misses you.
The acid dragon bites you.
* * * LOW HITPOINT WARNING * * *
The acid dragon claws you. The basilisk bites you.
* * * LOW HITPOINT WARNING * * *
You turn to flesh and can move again.
Unknown command.
Unknown command.
Unknown command.
Unknown command.
Unknown command.
Unknown command.
As you read the scroll labelled VISTRA UJA PAU, it crumbles to dust.
Magic quickly surges around you.
It was a scroll of vulnerability.
You block the basilisk's attack. You block the acid dragon's attack.
The acid dragon claws you.
* * * LOW HITPOINT WARNING * * *
The basilisk closely misses you.
As you read the scroll labelled COWNUC XOIQEI, it crumbles to dust.
It is a scroll of amnesia.
You feel forgetful for a moment. The basilisk bites you!
* * * LOW HITPOINT WARNING * * *
The acid dragon bites you!
* * * LOW HITPOINT WARNING * * *
You block the acid dragon's attack. The basilisk misses you.
Unknown command.
You feel better. The basilisk bites you!
You die...

.## #...## ......# ###
......D###### ## ###..
#....l@....####.###..##
#.##..l.......###.....#
##.#.###....†....###
###.. ###.#######
######### #######
##...## ##.....#
##..##.###.#..###
#.#.###.###.###
#.#.........#


You could see 2 basilisks and an acid dragon (weak-willed).

Vanquished Creatures
  Pikel (Temple)
  Prince Ribbit (D:7)
  2 wyverns (D:8)
  A basilisk (D:8)
  2 steam dragons (D:7)
  2 water moccasins
  2 ice beasts
  3 orc warriors (D:7)
  5 necrophages
  4 ogres
  2 lemures (Temple)
  A centaur (D:8)
  3 bullfrogs (D:7)
  A scorpion (D:4)
  3 howler monkeys (D:8)
  A bullfrog zombie (D:5)
  A bullfrog skeleton (D:5)
  3 centaur zombies
  3 hounds
  2 jellies
  2 orc priests (D:7)
  A centaur skeleton (D:5)
  3 iguanas
  6 orc wizards
  2 howler monkey zombies
  10 adders
  A howler monkey skeleton (D:5)
  3 shadow imps
  2 adder skeletons (D:4)
  2 worms
  3 dart slugs
  35 orcs
  A bat zombie (D:4)
  An endoplasm (D:2)
  2 giant cockroaches (D:2)
  15 goblins
  4 hobgoblins
  3 jackals (D:4)
  2 quokkas
  7 ball pythons
  5 bats
  2 frilled lizards
  A goblin zombie (D:6)
  9 kobolds
  3 rats
168 creatures vanquished.

Vanquished Creatures (others)
  An orc wizard (D:6)
  A plant (D:5)
2 creatures vanquished.

Grand Total: 170 creatures vanquished

Notes
Turn   | Place    | Note
-------+----------+-------------------------------------------
     0 | D:1      | HallandMoats the Ghoul Monk began the quest for the Orb.
     0 | D:1      | Reached XP level 1. HP: 19/19 MP: 0/0
   243 | D:1      | Reached XP level 2. HP: 21/26 MP: 1/1
   766 | D:2      | Reached XP level 3. HP: 33/33 MP: 2/2
  1050 | D:2      | Reached skill level 1 in Armour
  1050 | D:2      | Reached skill level 1 in Invocations
  1050 | D:2      | Reached XP level 4. HP: 40/40 MP: 3/3
  1213 | D:2      | Identified the +5 dagger of Departure {flame, rC+ rCorr
                  | Str-2 Int+8}
  1414 | D:3      | Found a shimmering blue altar of Sif Muna.
  1459 | D:3      | Identified the ring "Cuicoal" {rF++ rC+}
  1623 | D:3      | Identified the +10 trident of Vixotz {freeze, *Rage rF++
                  | MP+9 Str+6}
  1939 | D:3      | Found a faded altar of an unknown god.
  2057 | D:4      | Reached XP level 5. HP: 41/46 MP: 5/5
  2106 | D:4      | Noticed an ogre
  2110 | D:4      | Killed an ogre
  2115 | D:4      | Reached XP level 6. HP: 33/53 MP: 6/6
  2317 | D:4      | Reached skill level 5 in Unarmed Combat
  2391 | D:4      | Found a runed translucent gate.
  2391 | D:4      | Found a runed translucent gate.
  2391 | D:4      | Found a runed translucent gate.
  2392 | D:4      | Noticed AuraOfTheDawn's ghost (novice MiFi)
  2392 | D:4      | Noticed Bediveer's ghost (amateur KoEn)
  2392 | D:4      | Noticed testman's ghost (amateur TrBe)
  2410 | D:4      | Found a staircase to the Ecumenical Temple.
  2417 | D:4      | Noticed Pikel
  2427 | Temple   | Entered the Ecumenical Temple
  2535 | Temple   | Became a worshipper of Warmaster Okawaru
  2535 | Temple   | Reached * piety under Okawaru
  2535 | Temple   | Reached ** piety under Okawaru
  2567 | Temple   | Killed Pikel
  2568 | Temple   | Reached skill level 5 in Fighting
  2568 | Temple   | Reached XP level 7. HP: 32/62 MP: 8/8
  2750 | D:4      | Identified the +9 mace of Due Proportion {drain, rElec rC+
                  | Dex+2}
  3024 | D:4      | Reached *** piety under Okawaru
  3025 | D:4      | Reached XP level 8. HP: 54/70 MP: 9/9
  3086 | D:4      | Found an ancient bone altar of Kikubaaqudgha.
  3228 | D:5      | Entered Level 5 of the Dungeon
  3238 | D:5      | Found a stormy altar of Qazlal.
  4172 | D:6      | Reached **** piety under Okawaru
  4212 | D:6      | Reached XP level 9. HP: 68/79 MP: 11/11
  4325 | D:6      | Found a snail-covered altar of Cheibriados.
  4423 | D:6      | Found a hazy altar of Hepliaklqana.
  4503 | D:6      | Found a runed translucent door.
  4506 | D:6      | Found a basalt altar of Yredelemnul.
  4635 | D:7      | Found a runed translucent door.
  4641 | D:7      | Noticed Prince Ribbit
  4661 | D:7      | Killed Prince Ribbit
  4849 | D:7      | Reached skill level 5 in Dodging
  5145 | D:7      | Reached skill level 5 in Invocations
  5164 | D:7      | Found a bloodstained altar of Trog.
  5551 | D:7      | Reached skill level 1 in Shields
  5556 | D:7      | Reached ***** piety under Okawaru
  5582 | D:7      | Reached XP level 10. HP: 67/90 MP: 13/13
  6655 | D:8      | HP: 2/91 [acid dragon (13)]
  6656 | D:8      | Slain by a basilisk

Illustrated notes

Levels and vault maps discovered:
D:1:      mushboom_english_gardens, layout_rooms
D:2:      layout_loops_ring, chequers_serial_rivers_micro_a
D:3:      layout_basic, nicolae_sif_muna_condensation,
          shapermc_ecumenical_altar_mp_ritualfount
D:4:      layout_gridville, lemuel_zombie_altar_kikubaaqudgha,
          minmay_temple_entry_statues_pillars, gammafunk_ghost_cemetery,
          minmay_ogre_servants, uniq_pikel
D:5:      layout_loops_ring, grunt_qazlal_clouds, old_standard_altar,
          st_stairs_2, minmay_misc_feat_x, guppyfry_early_lair_pool
D:6:      layout_basic, cheibriados_altar_1, dk_yredelemnul_ordeal,
          lemuel_tele_altar, nicolae_hepliaklqana_hazy_memory
D:7:      layout_rooms, lemuel_doored_altar, lightli_church_of_beogh,
          uniq_prince_ribbit1
D:8:      layout_loops_cross, erik_lair_dragon
Temple:   compressed_dpeg_circular_temple

Skill      XL: |  1  2  3  4  5  6  7  8  9 10 |
---------------+-------------------------------+-----
Unarmed Combat | 4 5 6 7 8 9 |  9.0
Armour         | 1 2 3 4 |  4.8
Invocations    | 1 3 4 5 |  5.6
Dodging        | 3 4 5 |  5.6
Fighting       | 4 5 6 7 8 9 |  9.0
Shields        | 1 2 |  2.4
Stealth        | |  2.1

Action                   |  1- 3 |  4- 6 |  7- 9 | 10-12 || total
-------------------------+-------+-------+-------+-------++-------
Melee: Unarmed           |    79 |    24 |       |       ||   103
       Punch             |     5 |       |     3 |       ||     8
       Trident           |       |    49 |   228 |    54 ||   331
  Use: Potion            |       |     1 |       |     1 ||     2
       Scroll            |       |       |       |     2 ||     2
 Stab: Sleeping          |     1 |     2 |     1 |       ||     4
       Distracted        |       |     1 |       |       ||     1
Armor: Robe              |     9 |       |       |       ||     9
       Ring mail         |    25 |    19 |   111 |    28 ||   183
Dodge: Dodged            |    39 |    35 |   152 |    40 ||   266
Block: Buckler           |       |       |     7 |    15 ||    22

Table legend: (Time is in decaauts)
 A = Elapsed time spent in this place.
 B = Non-inter-level travel time spent in this place.
 C = Inter-level travel time spent in this place.
 D = Time resting spent in this place.
 E = Time spent auto-exploring this place.
 F = Levels seen in this place.
 G = Mean time per level.
                   A        B        C        D        E       F      G
               +--------+--------+--------+--------+--------+-----+--------+
         Total |   6756 |   6566 |    190 |    289 |   4972 |   9 |  750.7 |
       Dungeon |   6467 |   6315 |    152 |    145 |   4899 |   8 |  808.4 |
        Temple |    288 |    250 |     38 |    144 |     73 |   1 |  288.0 |
               +--------+--------+--------+--------+--------+-----+--------+

Top non-repeatable levels by time:
     D:7: 1092 daAuts
     D:8: 986 daAuts
     D:4: 969 daAuts
     D:6: 774 daAuts
     D:2: 735 daAuts
     D:1: 665 daAuts
     D:5: 657 daAuts
     D:3: 586 daAuts
  Temple: 288 daAuts
